Map: Misty Swamp

Players

samfurius - Winner!

  • Race: Terran Terran
  • Spawn Location: 9:00

Metasapien - Winner!

  • Race: Zerg Zerg
  • League: Platinum
  • Spawn Location: 9:00

Kswiss - Winner!

  • Race: Protoss Protoss
  • Spawn Location: 12:00

MilosMir

  • Race: Protoss Protoss
  • Spawn Location: 3:00

Greywolf

  • Race: Protoss Protoss
  • League: Gold
  • Spawn Location: 12:00

magik

  • Race: Zerg Zerg
  • Spawn Location: 3:00

VOD

Have the link to the VOD?

Description

Time

  • Played on: Sept. 17, 2017, 7:26 p.m.
  • Length: 36:32
Show
View Real Time Build Order
Export as new Build Order

samfurius Terran - Winner!

Build Orders:  

Get SALT Encoding   

  12  0:02  SCV  
  13  0:15  Supply Depot  
  13  0:18  SCV  
  14  0:31  SCV  
  15  0:43  Barracks  
  15  0:47  SCV  
  15  0:48  Refinery  
  16  0:59  SCV  
  17  1:14  SCV  
  17  1:17  Supply Depot  
  18  1:25  Refinery  
  18  1:26  SCV  
  19  1:40  Orbital Command  
  19  2:02  Factory  
  19  2:05  Barracks Reactor  
  19  2:09  SCV  
  20  2:16  Engineering Bay  
  20  2:21  SCV  
  21  2:33  SCV  
  22  2:43  Supply Depot  
  22  2:51  Barracks Reactor  
  22  2:59  Starport  
  22  3:00  SCV  
  23  3:09  Missile Turret  
  23  3:13  SCV  
  23  3:16  Cyclone  
  27  3:38  Supply Depot  
  27  3:42  Barracks Tech Lab  
  27  3:47  Barracks  
  27  3:48  Cyclone  
  30  3:58  SCV  
  31  4:03  Supply Depot  
  31  4:04  Medivac  
  33  4:17  Supply Depot  
  33  4:19  Barracks  
  33  4:20  Stimpack  
  33  4:43  Command Center  
  33  4:48  Supply Depot  
  33  4:54  SCV  
  34  5:06  Barracks Reactor, SCV, Supply Depot  
  34  5:08  Barracks Reactor  
  33  5:15  Missile Turret  
  33  5:17  Marine  
  33  5:19  Medivac  
  33  5:35  Marine  
  34  5:53  Marine  
  35  6:10  Marine  
  36  6:28  Marine  
  37  6:46  Liberator x2  
  35  6:53  Marine x5  
  26  7:01  Widow Mine x2  
  30  7:10  Marine  
  30  7:11  Marine x3  
  34  7:16  Marine  
  35  7:28  Liberator, Marine x2  
  35  7:29  Liberator, Marine x2  
  39  7:34  Marine  
  40  7:46  Marine x4  
  50  7:57  Marine  
  51  8:04  Marine x4  
  56  8:05  SCV  
  56  8:14  Marine  
  56  8:16  SCV  
  56  8:17  SCV  
  59  8:22  Marine x4  
  63  8:28  SCV  
  63  8:29  SCV  
  65  8:42  SCV  
  52  9:15  Orbital Command  
  52  9:17  Marine x5  
  50  9:19  Medivac x2, Widow Mine  
  50  9:20  Widow Mine  
  50  9:21  SCV  
  64  9:27  Refinery  
  64  9:34  Marine  
  64  9:35  Marine x4  
  69  9:48  Widow Mine  
  69  9:49  Medivac, Widow Mine  
  69  9:52  Marine  
  76  10:04  Terran Infantry Weapons Level 1  
  76  10:07  Marine x2  
  76  10:08  Marine x2  
  76  10:10  Marine  
  81  10:25  Marine x3  
  81  10:26  Marine  
  81  10:28  Marine  
  86  10:40  SCV  
  87  10:43  Marine  
  87  10:45  SCV  
  87  10:48  Widow Mine  
  91  10:52  SCV  
  92  10:58  Sensor Tower  
  92  11:04  SCV  
  93  11:16  SCV  
  94  11:41  Supply Depot  
  94  11:43  Supply Depot  
  94  11:46  Supply Depot  
  94  11:47  Supply Depot  
  94  11:51  Command Center  
  94  11:56  Refinery  
  94  12:02  Widow Mine x2  
  94  12:03  SCV x2  
  100  12:11  Marine x5  
  100  12:15  SCV x2  
  107  12:20  Armory  
  107  12:26  Engineering Bay  
  107  12:27  SCV  
  107  12:29  Terran Infantry Armor Level 1  
  108  12:39  SCV, Marine x2  
  111  12:44  Medivac  
  111  12:49  Sensor Tower  
  113  12:51  Medivac, SCV  
  116  13:04  SCV  
  117  13:07  Missile Turret, Terran Infantry Weapons Level 2  
  117  13:11  Supply Depot  
  117  13:16  SCV, Supply Depot  
  118  13:29  Orbital Command  
  118  13:34  Missile Turret  
  118  14:23  Marine x5  
  123  14:27  Medivac x2  
  127  14:41  Marine x5  
  132  14:57  Medivac x2  
  132  14:58  Marine x2  
  132  14:59  Marine x3  
  140  15:16  Marine x4  
  140  15:17  Marine  
  140  15:19  SCV  
  146  15:27  Widow Mine x2  
  150  15:29  Terran Infantry Weapons Level 3  
  150  15:31  SCV  
  150  15:34  Marine x5  
  156  15:43  SCV  
  157  15:50  Refinery  
  157  15:52  Refinery  
  157  16:03  Supply Depot  
  157  16:05  Supply Depot  
  157  16:09  Supply Depot  
  157  16:24  Widow Mine x2, Marine x4  
  157  16:25  Missile Turret  
  165  16:26  SCV, Marine  
  165  16:27  Missile Turret  
  165  16:28  Missile Turret  
  167  16:38  SCV  
  168  16:42  Marine x2  
  168  16:44  Marine x2  
  168  16:45  Marine  
  173  16:51  Barracks, SCV  
  173  16:52  Barracks, Widow Mine x2  
  178  16:54  Barracks  
  178  16:57  Barracks  
  178  17:00  Marine x2  
  161  17:02  Marine x3  
  164  17:17  Marine x2  
  164  17:20  Marine x3  
  164  17:21  Widow Mine  
  171  17:35  Marine x2  
  173  17:38  Marine x3  
  128  17:56  Marine  
  128  18:06  Terran Infantry Armor Level 2  
  128  18:10  Barracks Reactor  
  128  18:12  Marine x2  
  128  18:13  Marine x2  
  128  18:14  Marine  
  133  18:30  Marine x4  
  133  18:32  Marine  
  138  18:47  Medivac x2  
  138  18:48  Marine x4  
  143  18:49  Widow Mine x2, Marine  
  145  19:06  Marine x4  
  145  19:07  Marine  
  142  19:17  Medivac x2, Widow Mine x2  
  142  19:23  Marine  
  142  19:24  Marine x3  
  151  19:25  Marine  
  155  19:43  Marine  
  156  19:46  Widow Mine x2  
  156  19:48  Missile Turret  
  156  19:51  Missile Turret  
  156  19:52  Missile Turret x2, SCV  
  161  19:56  Missile Turret  
  161  20:04  SCV  
  162  20:09  Barracks Reactor  
  162  20:13  Barracks Reactor  
  162  20:14  Widow Mine x2  
  162  20:16  Barracks Reactor  
  166  20:25  Marine x2  
  166  20:26  Marine x3  
  171  20:31  Supply Depot  
  171  20:32  Supply Depot  
  171  20:33  Terran Infantry Armor Level 3  
  171  20:43  Marine x3  
  171  20:44  Liberator x2, Marine x2  
  170  21:01  Marine x5  
  181  21:19  Marine x4  
  185  21:27  Liberator x2  
  166  21:47  Marine x5  
  166  21:50  Marine x3  
  166  21:51  Marine x5  
  175  22:05  Marine x5  
  175  22:08  Marine x4  
  181  22:09  Marine x4  
  188  22:22  Marine  
  188  22:23  Marine x4  
  188  22:26  Marine x4  
  197  22:46  Marine x2  
  197  22:48  Marine x2  
  197  22:49  Marine x2  
  197  22:51  Marine x6  
  197  23:27  Missile Turret  
  197  24:14  Liberator  
  197  24:30  Marine x3  
  197  24:31  Marine x3  
  197  24:35  Marine x3  
  197  25:57  Marine  
  197  26:05  Marine  
  197  26:08  Liberator x2  
  197  26:25  Widow Mine x2  
  153  26:51  Liberator  
  153  26:53  Widow Mine x2  
  138  27:22  Widow Mine x2  
  141  27:50  Widow Mine  
  141  27:51  Widow Mine  
  95  28:27  Marine  
  95  28:28  Marine x4  
  95  28:32  Marine  
  95  28:33  Marine x7  
  108  28:45  Marine x2  
  108  28:46  Marine x3  
  113  28:50  Marine x2  
  113  28:51  Marine x4  
  119  29:03  Marine x4  
  119  29:04  Marine  
  124  29:21  Marine x5  
  129  29:39  Marine x4  
  95  33:05  Orbital Command  
  90  34:40  Orbital Command  
  89  35:33  Missile Turret  
  89  35:43  Orbital Command  
  89  36:00  Marine x2  
  89  36:01  Marine x4  
Show
View Real Time Build Order
Export as new Build Order

Metasapien Zerg - Winner!

Build Orders: Pool First 

Get SALT Encoding   

  12  0:02  Drone  
  13  0:23  Spawning Pool  
  13  0:26  Drone  
  13  0:30  Drone  
  13  0:35  Extractor  
  13  0:40  Drone  
  14  0:47  Overlord  
  14  0:57  Drone, Extractor  
  15  1:07  Drone  
  16  1:20  Drone  
  16  1:24  Zergling x2  
  18  1:39  Hatchery  
  18  1:40  Zergling x2  
  18  1:44  Drone  
  19  2:03  Drone x2  
  21  2:17  Extractor, Metabolic Boost  
  20  2:24  Drone  
  21  2:38  Drone  
  21  2:42  Overlord  
  22  2:50  Queen  
  24  2:56  Hatchery  
  24  2:58  Drone  
  24  3:03  Drone  
  25  3:11  Queen  
  27  3:14  Drone  
  28  3:20  Zergling x2  
  29  3:34  Drone x2  
  29  3:39  Zergling x2  
  29  3:40  Overlord  
  32  3:41  Overlord  
  32  3:47  Zergling x2  
  33  3:56  Zergling x2  
  33  3:57  Zergling x2  
  35  4:08  Queen  
  37  4:13  Drone  
  38  4:18  Drone x3  
  38  4:19  Lair  
  38  4:21  Drone x2  
  43  4:28  Drone x3  
  43  4:30  Overlord  
  46  4:32  Drone  
  47  4:39  Drone  
  48  4:51  Evolution Chamber  
  47  4:55  Drone  
  47  4:57  Drone x2  
  50  5:01  Drone x2  
  50  5:02  Drone  
  53  5:14  Spore Crawler  
  52  5:15  Spore Crawler  
  52  5:18  Queen  
  52  5:19  Queen  
  55  5:24  Drone x2  
  55  5:25  Drone x4  
  55  5:26  Drone x2  
  63  5:29  Spore Crawler  
  63  5:31  Spore Crawler  
  63  5:32  Spore Crawler  
  60  5:43  Hydralisk Den  
  60  5:46  Evolution Chamber  
  60  5:49  Zerg Missile Weapons Level 1  
  58  5:57  Overlord x4  
  58  5:59  Overlord  
  58  6:08  Extractor  
  58  6:09  Drone, Extractor  
  58  6:10  Drone x4  
  61  6:11  Drone  
  61  6:12  Drone x3  
  61  6:15  Extractor  
  61  6:17  Extractor  
  63  6:21  Hydralisk x5  
  63  6:22  Hatchery, Hydralisk  
  74  6:28  Zerg Ground Armor Level 1  
  74  6:32  Drone x4  
  78  6:34  Drone  
  79  6:43  Drone x3  
  78  6:49  Hydralisk x2  
  78  6:50  Hydralisk x4  
  89  7:03  Hydralisk  
  89  7:04  Hydralisk  
  87  7:19  Drone x2  
  87  7:20  Drone, Hydralisk x4  
  87  7:21  Hydralisk x2  
  87  7:22  Overlord, Zergling x4  
  104  7:23  Overlord x2  
  104  7:40  Muscular Augments  
  104  7:46  Roach Warren  
  104  7:49  Zerg Missile Weapons Level 2, Infestation Pit  
  102  7:51  Drone x2  
  104  8:07  Drone x2  
  104  8:09  Hydralisk x5  
  104  8:11  Zergling x2  
  104  8:12  Overlord x2, Zergling x2  
  118  8:13  Overlord x2  
  118  8:16  Overseer  
  118  8:34  Spine Crawler  
  117  8:35  Spine Crawler  
  117  8:36  Spine Crawler, Glial Reconstitution  
  117  8:39  Hydralisk, Roach x4  
  117  8:40  Hydralisk x3, Roach x5  
  117  8:41  Roach  
  143  8:49  Drone x4  
  143  8:51  Drone x2  
  143  8:53  Drone x3  
  143  8:54  Drone  
  153  8:56  Extractor  
  153  8:57  Extractor  
  151  9:05  Drone  
  151  9:09  Drone, Nydus Network  
  152  9:19  Drone x2  
  152  9:20  Drone  
  152  9:21  Drone x3  
  152  9:22  Roach, Hydralisk x2  
  152  9:23  Overlord, Roach x2  
  152  9:24  Overlord x3  
  168  9:32  Burrow  
  168  9:40  Hive  
  168  9:41  Zerg Ground Armor Level 2  
  168  9:44  Pneumatized Carapace  
  168  9:48  Overseer  
  168  9:49  Overseer  
  168  9:51  Hydralisk x2  
  168  9:52  Roach x3  
  178  10:02  Nydus Canal  
  172  10:29  Drone x3  
  172  10:30  Drone x3  
  178  10:36  Overseer  
  178  10:52  Overlord x2  
  178  10:53  Overlord x2  
  178  10:57  Hatchery  
  178  11:01  Spore Crawler  
  176  11:07  Spore Crawler  
  176  11:08  Spore Crawler  
  174  11:16  Infestor x3  
  174  11:17  Infestor  
  182  11:19  Extractor  
  182  11:23  Infestor, Extractor  
  182  11:26  Hydralisk x3  
  182  11:27  Hydralisk  
  182  11:29  Zergling x8  
  182  11:30  Zergling x10  
  182  11:32  Zerg Missile Weapons Level 3  
  199  11:34  Adrenal Glands  
  199  11:37  Pathogen Glands  
  199  11:38  Tunneling Claws  
  199  11:53  Overlord  
  199  11:54  Overlord  
  199  12:13  Hatchery  
  198  12:16  Drone  
  198  12:21  Ravager  
  200  12:57  Overseer x3  
  200  12:58  Overseer x2  
  200  13:05  Nydus Canal  
  200  13:23  Overlord x2  
  200  13:24  Overlord  
  200  14:06  Nydus Canal  
  181  14:37  Ultralisk Cavern  
  180  14:50  Nydus Canal  
  177  15:14  Zerg Ground Armor Level 3  
  177  15:15  Zerg Melee Weapons Level 1  
  177  15:27  Ultralisk x3  
  195  15:29  Hydralisk x2  
  199  15:57  Hatchery  
  198  16:06  Nydus Canal  
  198  16:24  Overseer x3  
  198  16:44  Nydus Canal  
  198  17:05  Nydus Canal  
  198  17:11  Unknown  
  198  17:12  Unknown, Extractor  
  198  17:15  Extractor  
  196  17:20  Nydus Canal  
  196  17:35  Nydus Canal  
  170  18:10  Roach, Hydralisk x4  
  170  18:11  Hydralisk x4, Ultralisk, Roach x2  
  170  18:12  Hydralisk, Ultralisk x3, Roach x3  
  170  18:29  Hydralisk x6  
  170  18:30  Hydralisk x9  
  170  18:31  Spire  
  151  18:50  Hydralisk x11  
  151  18:51  Hydralisk x10  
  151  18:53  Zergling x2  
  151  18:54  Overlord x2  
  151  18:55  Overlord x3  
  194  18:56  Overlord  
  192  19:05  Spore Crawler  
  192  19:06  Spore Crawler  
  192  19:07  Spore Crawler  
  189  19:13  Spore Crawler  
  189  19:15  Drone x3  
  189  19:16  Queen  
  193  19:27  Hydralisk  
  193  19:28  Hydralisk x2  
  199  19:40  Zerg Melee Weapons Level 2  
  199  19:41  Chitinous Plating  
  199  19:57  Spore Crawler x3  
  196  20:29  Overlord x3  
  196  20:30  Overlord  
  196  21:03  Zergling x6  
  199  21:10  Overlord x2  
  199  21:11  Overlord x2  
  116  21:30  Zergling x2  
  116  21:31  Zergling x20, Hydralisk x4  
  116  21:32  Hydralisk x6, Roach x5  
  137  21:33  Roach, Hydralisk x5  
  141  22:03  Hydralisk  
  141  22:04  Hydralisk x4  
  141  22:05  Hydralisk x5  
  152  22:23  Lair, Corruptor  
  151  22:41  Zergling x2  
  151  22:42  Zergling x34  
  165  23:09  Infestor x4  
  165  23:10  Infestor  
  175  23:23  Ultralisk x4  
  199  23:37  Overseer x3  
  199  24:04  Spore Crawler x2  
  199  24:06  Spore Crawler  
  65  25:13  Ultralisk  
  65  25:14  Ultralisk x5  
  101  25:23  Hydralisk Den  
  100  25:29  Zergling x2  
  100  25:30  Zergling x42  
  100  25:32  Queen  
  100  25:33  Queen  
  126  26:03  Zergling x2  
  127  26:04  Zergling x8  
  88  27:05  Zergling x2  
  88  27:06  Zergling x42  
  110  27:25  Zergling x4  
  110  27:26  Zergling x10  
  117  27:43  Hydralisk x8  
  133  27:55  Hydralisk x5  
  143  28:06  Nydus Canal  
  125  28:21  Nydus Canal  
  125  28:27  Hydralisk x6  
  125  29:08  Zergling x2  
  125  29:09  Zergling x18  
  118  30:03  Hatchery  
  76  30:38  Hydralisk x6  
  69  31:20  Zergling x8  
  69  31:21  Zergling x8  
  77  31:30  Queen  
  79  32:03  Drone  
  79  32:04  Drone x2  
  79  32:08  Zergling x16  
  90  32:17  Extractor  
  90  32:22  Spine Crawler  
  88  32:31  Spore Crawler  
  88  32:33  Spore Crawler  
  88  32:34  Spore Crawler  
  85  32:37  Spine Crawler  
  84  32:46  Extractor  
  83  32:52  Hydralisk  
  83  32:53  Hydralisk x2  
  83  32:54  Hydralisk  
  91  33:12  Hydralisk x2  
  91  33:13  Hydralisk x2  
  99  33:26  Zergling x6  
  99  33:27  Zergling x6  
  105  34:01  Zergling x2  
  105  34:02  Zergling x26  
  80  34:53  Zergling x2  
  80  34:54  Zergling x40  
  101  35:09  Hydralisk x3  
  92  35:37  Hydralisk x2  
  92  35:38  Hydralisk x3  
  102  35:49  Hydralisk x2  
Show
View Real Time Build Order
Export as new Build Order

Kswiss Protoss - Winner!

Build Orders: Cannon Rush, Oracle Opening 

Get SALT Encoding   

  12  0:01  Probe (Chrono Boost)  
  13  0:12  Probe (Chrono Boost)  
  14  0:23  Pylon  
  14  0:24  Probe (Chrono Boost)  
  15  0:41  Probe (Chrono Boost)  
  16  0:45  Gateway  
  16  0:55  Forge  
  16  0:59  Assimilator  
  16  1:00  Probe (Chrono Boost)  
  17  1:07  Pylon  
  17  1:10  Probe (Chrono Boost)  
  18  1:21  Probe (Chrono Boost)  
  19  1:31  Probe (Chrono Boost)  
  20  1:36  Photon Cannon  
  20  1:43  Photon Cannon  
  20  1:46  Probe (Chrono Boost)  
  21  1:58  Photon Cannon  
  21  2:01  Zealot (Chrono Boost)  
  23  2:07  Assimilator  
  23  2:18  Probe, Cybernetics Core  
  24  2:31  Probe  
  24  2:33  Pylon  
  27  2:37  Zealot (Chrono Boost)  
  27  2:55  Stargate  
  27  3:02  Pylon  
  27  3:03  Zealot (Chrono Boost)  
  29  3:30  Zealot (Chrono Boost)  
  31  3:38  Oracle (Chrono Boost)  
  34  4:11  Void Ray (Chrono Boost)  
  38  4:20  Stargate  
  38  4:31  Nexus  
  42  5:08  Void Ray (Chrono Boost)  
  42  5:11  Void Ray (Chrono Boost)  
  46  5:41  Pylon  
  46  5:43  Pylon  
  46  5:44  Pylon  
  46  5:45  Protoss Air Weapons Level 1 (Chrono Boost)  
  46  5:48  Protoss Shields Level 1  
  46  5:54  Probe  
  47  6:04  Probe  
  48  6:15  Probe  
  49  6:25  Probe  
  50  6:36  Probe  
  50  6:46  Probe  
  50  6:51  Void Ray x2  
  59  7:00  Stargate  
  57  7:27  Protoss Air Armor Level 1 (Chrono Boost)  
  57  7:37  Assimilator  
  57  7:39  Probe, Assimilator  
  58  7:49  Probe  
  59  8:00  Probe, Stargate  
  60  8:10  Probe  
  61  8:20  Fleet Beacon  
  61  8:21  Probe  
  62  8:31  Probe  
  63  8:42  Probe  
  64  8:52  Probe  
  57  9:16  Carrier (Chrono Boost)  
  57  9:17  Carrier (Chrono Boost)  
  57  9:24  Graviton Catapult  
  61  9:41  Void Ray (Chrono Boost)  
  61  9:45  Void Ray (Chrono Boost)  
  65  10:35  Protoss Air Weapons Level 2  
  65  10:47  Twilight Council  
  65  10:49  Pylon  
  65  10:51  Pylon  
  65  10:54  Pylon  
  77  11:07  Carrier x2 (Chrono Boost)  
  77  11:26  Probe  
  78  11:34  Nexus  
  78  11:36  Probe  
  79  11:47  Probe  
  79  11:49  Pylon  
  79  11:52  Carrier (Chrono Boost)  
  86  12:13  Stargate  
  86  12:14  Protoss Shields Level 2 (Chrono Boost)  
  86  12:22  Photon Cannon  
  86  12:28  Photon Cannon  
  86  12:32  Robotics Facility  
  86  12:36  Pylon  
  86  12:38  Pylon x2  
  86  12:45  Pylon x2  
  86  12:48  Pylon  
  86  12:50  Pylon  
  86  12:52  Pylon  
  86  12:54  Pylon  
  86  13:06  Carrier x2  
  98  13:22  Assimilator x2  
  98  14:33  Carrier x2  
  65  15:08  Stargate  
  65  15:09  Stargate  
  65  15:13  Stargate  
  65  15:18  Stargate  
  65  15:21  Stargate  
  65  15:26  Pylon  
  65  15:35  Carrier x2  
  65  15:47  Pylon  
  65  15:49  Pylon  
  65  15:56  Pylon  
  65  16:03  Pylon  
  65  16:24  Phoenix  
  65  16:25  Phoenix x2  
  71  16:28  Anion Pulse-Crystals (Chrono Boost)  
  59  16:49  Phoenix  
  59  16:50  Phoenix x2  
  59  17:01  Phoenix x2  
  59  17:06  Probe  
  60  17:16  Phoenix  
  60  17:17  Probe  
  63  17:27  Probe  
  62  17:38  Probe  
  53  17:48  Probe  
  21  19:30  Gateway  
  21  19:38  Forge  
  21  19:53  Probe  
  22  20:03  Probe  
  22  20:05  Pylon  
  23  20:12  Pylon  
  23  20:14  Probe  
  24  20:24  Probe  
  24  20:25  Cybernetics Core  
  25  20:35  Probe  
  26  21:27  Stargate  
  26  21:31  Stargate  
  26  21:36  Stargate  
  26  21:46  Stargate  
  34  22:54  Phoenix x4  
  34  23:19  Phoenix x4  
  42  23:44  Phoenix x4  
  50  24:09  Phoenix x4  
  58  24:34  Phoenix x2  
  40  25:36  Phoenix  
Show
View Real Time Build Order
Export as new Build Order

MilosMir Protoss 

Build Orders: Oracle Opening 

Get SALT Encoding   

  12  0:32  Probe (Chrono Boost)  
  13  0:41  Pylon  
  13  0:43  Assimilator  
  13  0:49  Probe (Chrono Boost)  
  14  1:03  Gateway  
  14  1:07  Pylon  
  14  1:08  Probe (Chrono Boost)  
  14  1:09  Assimilator  
  15  1:19  Probe (Chrono Boost)  
  16  1:39  Probe (Chrono Boost)  
  17  1:50  Probe (Chrono Boost)  
  17  1:53  Cybernetics Core  
  18  2:00  Pylon  
  18  2:03  Probe (Chrono Boost)  
  19  2:11  Forge  
  19  2:21  Probe (Chrono Boost)  
  20  2:31  Probe (Chrono Boost)  
  20  2:36  Stargate  
  21  2:42  Probe (Chrono Boost)  
  22  2:52  Probe (Chrono Boost)  
  22  2:53  Photon Cannon  
  22  2:55  Photon Cannon  
  23  3:03  Probe (Chrono Boost)  
  24  3:21  Pylon  
  24  3:23  Probe (Chrono Boost)  
  27  3:34  Mothership Core (Chrono Boost)  
  27  3:36  Oracle  
  30  3:44  Pylon  
  30  3:58  Nexus  
  30  4:04  Pylon  
  30  4:08  Pylon  
  30  4:09  Probe (Chrono Boost)  
  31  4:20  Probe (Chrono Boost)  
  31  4:22  Stargate  
  32  4:47  Pylon  
  32  4:51  Photon Cannon  
  32  4:54  Phoenix  
  34  5:13  Probe (Chrono Boost), Photon Cannon  
  36  5:21  Probe (Chrono Boost)  
  36  5:24  Probe (Chrono Boost)  
  37  5:32  Probe (Chrono Boost)  
  36  5:51  Phoenix x2  
  38  6:16  Phoenix x2  
  42  7:03  Probe (Chrono Boost)  
  42  7:04  Probe (Chrono Boost)  
  44  7:14  Probe x2 (Chrono Boost)  
  46  7:16  Assimilator  
  46  7:20  Assimilator  
  46  7:24  Probe (Chrono Boost)  
  46  7:25  Probe (Chrono Boost)  
  48  7:35  Probe x2 (Chrono Boost)  
  50  7:37  Nexus  
  50  7:40  Pylon  
  50  7:43  Pylon  
  50  7:45  Assimilator  
  50  7:46  Probe x2 (Chrono Boost)  
  50  7:50  Assimilator  
  52  7:53  Pylon  
  52  7:56  Probe x2 (Chrono Boost)  
  54  7:59  Phoenix x2  
  54  8:02  Photon Cannon  
  54  8:03  Protoss Air Weapons Level 1  
  58  8:05  Photon Cannon  
  58  8:12  Pylon  
  58  8:14  Stargate  
  58  8:17  Photon Cannon  
  49  9:16  Probe (Chrono Boost)  
  49  9:17  Probe (Chrono Boost)  
  51  9:19  Probe (Chrono Boost)  
  51  9:23  Phoenix x3  
  58  9:27  Probe x2 (Chrono Boost)  
  58  9:30  Probe (Chrono Boost)  
  61  9:32  Pylon  
  61  9:35  Pylon  
  61  9:37  Probe (Chrono Boost)  
  61  9:38  Probe (Chrono Boost)  
  63  9:40  Mothership Core (Chrono Boost)  
  65  9:52  Fleet Beacon, Phoenix x2  
  67  9:53  Phoenix  
  67  9:58  Pylon, Protoss Air Armor Level 1  
  71  10:02  Pylon  
  71  10:04  Photon Cannon  
  71  10:07  Photon Cannon  
  71  10:13  Probe (Chrono Boost)  
  69  10:38  Phoenix x2  
  69  10:39  Phoenix  
  75  11:03  Phoenix x2  
  75  11:04  Phoenix  
  81  11:14  Probe (Chrono Boost)  
  81  11:15  Probe x2 (Chrono Boost)  
  81  11:17  Stargate  
  84  11:18  Pylon  
  84  11:20  Pylon  
  84  11:25  Probe x3 (Chrono Boost)  
  87  11:28  Phoenix x2  
  87  11:29  Phoenix  
  93  11:35  Probe (Chrono Boost)  
  94  11:53  Phoenix  
  96  12:01  Phoenix x2  
  96  12:02  Phoenix  
  102  12:17  Protoss Air Weapons Level 2  
  102  12:18  Phoenix  
  104  12:25  Anion Pulse-Crystals (Chrono Boost)  
  104  12:26  Phoenix x2  
  104  12:27  Phoenix  
  110  12:44  Phoenix  
  112  12:51  Phoenix x2  
  112  12:52  Phoenix  
  118  14:10  Phoenix x4  
  116  14:32  Protoss Air Armor Level 2  
  116  14:35  Phoenix x2  
  110  15:16  Tempest x3  
  110  15:17  Tempest  
  134  15:57  Nexus, Gateway  
  134  15:59  Tempest x4, Gateway  
  134  16:01  Gateway  
  134  16:02  Gateway  
  134  16:03  Pylon, Assimilator  
  158  16:05  Twilight Council, Gateway  
  158  16:06  Assimilator  
  154  17:14  Protoss Air Armor Level 3  
  154  17:19  Zealot x5  
  164  17:27  Charge  
  148  17:46  Zealot x4  
  148  17:47  Zealot  
  144  18:13  Zealot x4  
  144  18:14  Zealot  
  150  18:40  Zealot x4  
  150  18:41  Zealot  
  159  19:07  Zealot x3  
  159  19:08  Zealot x2  
  145  19:34  Zealot x3  
  145  19:35  Zealot x2  
  155  19:39  Nexus  
  155  20:01  Zealot x2  
  155  20:02  Zealot x3  
  157  20:23  Templar Archives  
  157  20:28  Pylon  
  155  21:02  Photon Cannon  
  117  21:41  Zealot x4  
  117  21:42  Zealot  
  114  22:08  Zealot  
  114  22:09  Zealot x2  
  114  22:12  Zealot  
  114  22:13  Photon Cannon, Zealot  
  122  22:16  Pylon  
  122  22:18  Pylon  
  122  22:35  Zealot  
  122  22:36  Zealot  
  126  23:09  Zealot x4  
  126  23:10  Zealot  
  134  23:47  Warp Gate  
  134  24:09  Robotics Facility  
  72  25:33  Observer  
  73  25:54  Observer  
  74  26:04  High Templar x3  
  74  26:05  High Templar x2  
  84  26:14  Archon  
  84  26:15  Archon, Observer  
  85  26:56  High Templar x4  
  85  26:57  High Templar  
  85  27:01  Archon x2  
  95  27:02  Archon  
  75  27:30  Zealot x4  
  75  27:31  Zealot  
  75  27:34  Immortal  
  29  28:03  High Templar  
  29  28:04  High Templar x4  
  33  28:09  Archon x2  
  29  28:41  Zealot x2  
  29  28:42  Zealot x3  
  29  29:10  Zealot x5  
  39  29:50  High Templar x2  
  39  29:51  High Templar x3  
  28  30:19  Archon x2  
  26  30:33  High Templar x3  
  26  30:34  High Templar x2  
  36  30:39  High Templar  
  38  30:47  Archon x2  
  38  30:48  Archon  
  32  31:07  High Templar  
  32  31:08  High Templar x3  
  40  31:33  Zealot x2  
  40  31:37  Archon  
  40  31:38  Archon  
  44  31:52  Zealot  
  44  31:53  Zealot x5  
  56  32:18  Zealot  
  56  32:19  Zealot x4  
  56  32:20  Zealot  
  68  32:55  Zealot x4  
  68  32:56  Zealot x2  
  80  33:13  Zealot  
  80  33:16  Zealot x4  
  80  33:17  Zealot  
  31  35:09  Pylon  
Show
View Real Time Build Order
Export as new Build Order

Greywolf Protoss 

Build Orders: 1 Gate Expand, Oracle Opening 

Get SALT Encoding   

  12  0:01  Probe (Chrono Boost)  
  13  0:12  Probe (Chrono Boost)  
  14  0:18  Pylon  
  14  0:23  Probe (Chrono Boost)  
  15  0:36  Probe (Chrono Boost)  
  15  0:39  Gateway  
  16  0:47  Probe (Chrono Boost)  
  16  0:49  Assimilator  
  17  0:57  Probe (Chrono Boost)  
  18  1:11  Probe (Chrono Boost)  
  19  1:27  Probe (Chrono Boost)  
  20  1:41  Pylon  
  20  1:43  Nexus  
  19  1:54  Cybernetics Core  
  19  1:58  Probe (Chrono Boost)  
  20  2:03  Gateway  
  20  2:09  Probe (Chrono Boost)  
  21  2:27  Assimilator  
  21  2:31  Warp Gate (Chrono Boost), Adept  
  23  2:37  Pylon  
  23  2:39  Pylon  
  23  2:53  Probe, Stargate  
  23  2:54  Probe  
  25  3:20  Probe  
  25  3:21  Probe  
  27  3:30  Stalker  
  27  3:31  Probe  
  30  3:36  Robotics Facility  
  30  3:44  Assimilator  
  30  3:47  Probe  
  30  3:48  Probe  
  30  3:53  Oracle (Chrono Boost)  
  33  3:57  Probe  
  33  4:00  Probe  
  35  4:14  Pylon  
  35  4:18  Twilight Council  
  35  4:34  Mothership Core  
  27  4:48  Nexus  
  27  4:51  Stalker  
  24  5:00  Warp Prism  
  26  5:25  Probe  
  26  5:27  Probe  
  28  5:34  Zealot  
  26  5:59  Probe, Zealot  
  26  6:00  Probe  
  30  6:33  Void Ray (Chrono Boost)  
  30  6:37  Probe  
  30  6:38  Probe  
  30  6:39  Probe  
  33  6:49  Pylon  
  31  7:12  Void Ray (Chrono Boost)  
  35  7:32  Probe x2  
  35  7:34  Probe  
  38  7:39  Assimilator  
  38  7:48  Sentry  
  38  7:49  Probe  
  38  7:50  Probe  
  31  9:05  Probe  
  31  9:06  Probe  
  31  9:09  Void Ray (Chrono Boost)  
  37  9:15  Stargate  
  37  9:18  Probe  
  37  9:23  Stalker  
  40  9:24  Sentry  
  40  9:26  Phoenix (Chrono Boost)  
  40  9:29  Probe  
  40  9:31  Probe  
  48  9:46  Void Ray (Chrono Boost)  
  52  10:00  Probe  
  52  10:05  Void Ray (Chrono Boost)  
  53  10:32  Probe  
  53  10:34  Probe  
  55  10:38  Void Ray (Chrono Boost)  
  59  10:50  Probe  
  59  10:51  Probe  
  61  11:00  Observer (Chrono Boost)  
  62  11:06  Probe  
  62  11:09  Assimilator  
  65  11:13  Void Ray  
  67  11:24  Pylon  
  67  11:37  Probe (Chrono Boost)  
  67  11:38  Probe (Chrono Boost)  
  69  11:42  Void Ray  
  69  11:45  Protoss Air Weapons Level 1 (Chrono Boost)  
  73  11:49  Observer  
  73  11:50  Probe x2 (Chrono Boost)  
  76  12:03  Pylon  
  76  12:05  Pylon  
  76  12:19  Probe x2 (Chrono Boost)  
  76  12:21  Void Ray  
  82  12:29  Void Ray  
  86  12:40  Nexus  
  86  12:49  Probe  
  86  12:50  Probe  
  88  13:03  Probe  
  88  13:05  Void Ray, Probe  
  94  13:23  Pylon  
  94  13:25  Pylon  
  94  13:40  Probe  
  94  13:41  Void Ray, Probe, Observer  
  94  13:47  Pylon  
  101  13:50  Probe  
  101  13:53  Probe  
  102  13:56  Probe  
  102  14:01  Probe  
  102  14:03  Observer  
  102  14:08  Stalker  
  99  14:24  Observer  
  99  14:32  Void Ray x2  
  108  14:46  Observer  
  100  14:54  Probe x2  
  100  14:55  Probe  
  100  15:07  Observer  
  96  15:14  Void Ray x2  
  96  15:17  Probe x2  
  96  15:18  Probe  
  107  15:26  Stalker x2  
  111  15:42  Probe x2  
  111  15:43  Probe  
  114  15:50  Assimilator  
  114  15:57  Void Ray x2  
  114  16:03  Probe  
  122  16:04  Probe  
  124  16:15  Protoss Air Armor Level 1 (Chrono Boost)  
  124  16:16  Fleet Beacon  
  123  16:40  Void Ray  
  127  16:47  Probe x2  
  127  16:48  Probe  
  130  16:58  Pylon  
  130  16:59  Pylon  
  130  17:01  Pylon  
  130  17:03  Stargate  
  130  17:05  Pylon  
  130  17:15  Void Ray  
  134  17:23  Void Ray  
  137  17:58  Void Ray  
  141  18:06  Void Ray  
  143  18:29  Protoss Air Weapons Level 2 (Chrono Boost)  
  143  18:31  Void Ray  
  147  18:41  Void Ray  
  151  18:49  Void Ray  
  151  19:16  Void Ray (Chrono Boost)  
  155  19:24  Void Ray (Chrono Boost), Pylon  
  155  19:26  Pylon  
  155  19:28  Pylon  
  159  19:31  Void Ray (Chrono Boost)  
  164  19:45  Observer  
  164  19:57  Void Ray (Chrono Boost)  
  168  20:33  Protoss Air Armor Level 2  
  168  20:46  Void Ray x3 (Chrono Boost)  
  168  20:48  Observer  
  181  21:12  Mothership Core  
  148  22:52  Void Ray x2 (Chrono Boost)  
  152  23:18  Void Ray (Chrono Boost)  
  156  23:29  Void Ray (Chrono Boost)  
  164  23:41  Void Ray (Chrono Boost)  
  164  23:42  Protoss Air Weapons Level 3  
  146  25:02  Void Ray x3 (Chrono Boost)  
  154  25:39  Void Ray x2 (Chrono Boost)  
  154  25:41  Void Ray (Chrono Boost)  
  166  26:00  Observer  
  163  26:16  Void Ray (Chrono Boost)  
  127  27:18  Void Ray x3 (Chrono Boost)  
  119  27:55  Void Ray x3 (Chrono Boost)  
  107  28:32  Void Ray x3 (Chrono Boost)  
  105  29:27  Void Ray x2 (Chrono Boost)  
  84  29:43  Void Ray (Chrono Boost)  
  82  30:04  Void Ray (Chrono Boost)  
Show
View Real Time Build Order
Export as new Build Order

magik Zerg 

Build Orders: Pool First 

Get SALT Encoding   

  12  0:01  Drone  
  13  0:09  Drone  
  14  0:34  Drone, Extractor  
  14  0:36  Drone, Extractor  
  14  0:38  Extractor  
  14  0:40  Drone  
  14  0:48  Extractor  
  14  0:49  Drone  
  17  0:57  Spawning Pool  
  17  1:02  Overlord  
  16  1:18  Overlord  
  16  1:39  Overlord  
  16  1:43  Metabolic Boost  
  16  1:44  Queen  
  16  1:45  Zergling x4  
  20  1:52  Evolution Chamber  
  19  2:04  Zergling x4  
  21  2:12  Zergling x2  
  22  2:20  Pneumatized Carapace  
  22  2:24  Zergling x2  
  23  2:41  Zergling x2  
  24  2:45  Zergling x2  
  25  2:53  Zergling x6  
  28  3:06  Zergling x2  
  29  3:15  Zergling x2  
  30  3:25  Zergling x8  
  34  3:58  Zerg Melee Weapons Level 1  
  34  4:02  Zergling x8  
  38  4:03  Overlord  
  38  4:04  Overlord  
  38  4:08  Spore Crawler  
  37  4:25  Zergling x4  
  39  4:38  Zergling x2  
  39  4:39  Zergling x4  
  42  5:11  Drone x3  
  45  5:28  Extractor  
  44  5:48  Zergling x6, Hatchery  
  44  5:49  Zergling x4  
  48  6:21  Zergling x12  
  30  7:19  Drone x2  
  30  7:20  Drone x3  
  35  7:28  Evolution Chamber  
  35  7:29  Lair  
  34  7:38  Drone  
  34  7:39  Drone, Spore Crawler x2  
  34  7:46  Drone  
  35  8:04  Drone  
  35  8:05  Drone x3  
  39  8:13  Overlord  
  39  8:27  Overseer  
  39  8:28  Overseer x2  
  39  8:29  Overseer  
  39  9:12  Drone  
  39  9:13  Drone x7  
  39  9:14  Queen  
  49  9:28  Infestation Pit  
  48  9:32  Drone, Extractor  
  48  9:39  Hatchery  
  47  9:50  Overlord x3  
  47  10:02  Drone  
  47  10:03  Drone x2  
  47  10:04  Drone x3  
  53  10:07  Hive  
  53  10:13  Zerg Ground Armor Level 1  
  53  10:25  Extractor  
  52  10:33  Zerg Melee Weapons Level 2  
  52  10:36  Drone x6  
  52  10:37  Drone  
  52  10:39  Drone  
  60  10:58  Zergling x10  
  60  10:59  Zergling x2  
  60  11:03  Queen  
  68  11:08  Spine Crawler  
  68  11:18  Drone x2  
  69  11:31  Adrenal Glands  
  69  11:33  Zergling x4  
  69  11:34  Zergling x14  
  78  11:44  Spore Crawler  
  77  11:47  Drone  
  77  11:48  Drone x3, Spore Crawler  
  80  12:01  Ultralisk Cavern  
  80  12:06  Drone x4  
  80  12:07  Drone x4  
  87  12:12  Extractor  
  86  12:15  Extractor  
  85  12:24  Hatchery  
  84  12:44  Drone x6  
  86  12:45  Drone x2  
  92  12:52  Queen  
  92  12:56  Chitinous Plating  
  94  12:58  Zerg Ground Armor Level 2, Zerg Melee Weapons Level 3  
  94  13:36  Ultralisk  
  94  13:38  Overlord x6  
  94  13:39  Overlord x2  
  100  13:42  Drone  
  83  14:25  Ultralisk  
  83  14:26  Ultralisk x4  
  102  14:38  Zergling x8  
  95  14:39  Zergling x12  
  95  14:40  Zergling x2  
  103  14:54  Zergling x2  
  103  14:55  Zergling x4  
  106  15:02  Ultralisk x2  
  118  15:20  Ultralisk  
  124  15:52  Drone x6  
  124  15:53  Drone x3  
  133  16:00  Hatchery  
  132  16:08  Zerg Ground Armor Level 3  
  132  16:35  Baneling Nest  
  131  16:43  Spore Crawler  
  131  16:44  Spore Crawler  
  131  16:45  Spore Crawler  
  131  16:46  Zergling x2  
  131  16:47  Zergling x14  
  131  16:48  Zergling x14  
  126  17:03  Zergling x4  
  126  17:04  Zergling x4  
  130  17:17  Ultralisk x3  
  135  17:55  Zergling x10  
  135  17:56  Zergling x12  
  135  17:57  Zergling x2  
  137  18:05  Zergling x12  
  134  18:06  Zergling x2  
  117  18:19  Zergling x6  
  113  18:20  Zergling x4  
  104  18:28  Baneling x2  
  104  18:29  Baneling x7  
  104  18:30  Baneling x6  
  104  18:31  Zergling x6  
  74  19:18  Hatchery  
  74  19:19  Extractor  
  74  19:20  Lair  
  74  19:23  Queen  
  74  19:27  Ultralisk x2  
  74  19:28  Ultralisk x3  
  74  19:29  Ultralisk  
  110  19:50  Zergling x14  
  110  19:51  Zergling x2  
  118  19:59  Queen  
  120  20:12  Spine Crawler  
  119  20:15  Spine Crawler  
  118  20:34  Ultralisk x2  
  130  20:36  Zergling x4  
  130  20:37  Zergling x6  
  134  20:59  Queen  
  134  21:01  Queen  
  138  21:09  Zergling x12  
  133  21:25  Zergling x10  
  106  21:26  Zergling x14  
  106  21:27  Zergling x8  
  88  21:51  Zergling x12  
  88  21:52  Zergling x10  
  88  22:15  Drone x2  
  90  22:18  Zergling x2  
  90  22:19  Nydus Network, Zergling x12  
  80  22:54  Overseer  
  80  22:55  Overseer x3  
  80  22:56  Zergling x10  
  80  22:57  Zergling x12  
  80  22:58  Zergling x6  
  94  23:43  Ultralisk x2  
  112  23:48  Ultralisk  
  112  24:06  Overlord x2  
  112  24:07  Overlord  
  112  24:35  Centrifical Hooks  
  90  24:59  Zergling x8  
  78  25:00  Zergling x14  
  78  25:01  Zergling x10  
  78  25:02  Zergling x2  
  79  25:17  Zergling x6  
  79  25:19  Baneling x3  
  79  25:20  Baneling x5  
  82  25:21  Baneling  
  82  25:23  Baneling  
  82  25:24  Baneling  
  82  25:26  Baneling  
  82  25:27  Baneling  
  82  25:30  Baneling  
  82  25:31  Baneling  
  82  25:36  Baneling x2  
  82  25:37  Baneling  
  82  25:38  Baneling x2  
  82  25:40  Baneling  
  82  25:41  Baneling  
  82  25:42  Baneling  
  82  25:43  Baneling  
  82  25:44  Baneling  
  82  25:45  Baneling  
  82  25:46  Baneling  
  82  25:47  Baneling  
  82  26:07  Zergling x10  
  82  26:08  Zergling x2  
  79  26:38  Zergling x10  
  79  26:39  Zergling x10  
  67  27:22  Zergling x2  
  67  27:23  Zergling x14  
  4  28:32  Drone x4  
  4  28:33  Drone x6  
  4  28:34  Drone x2  
  16  28:37  Drone x3  
  16  28:38  Drone x2  
  20  29:49  Zergling x10  
  20  29:50  Zergling x2  
Tags
 
Add a new tag
Caveats
  • Supply blocks, unpowered buildings, or Contaminate may cause inaccurate times.
  • Supply counts are checked every 10 seconds.